Map: Golden Wall LE

Players

CapsLock

  • Race: Protoss Protoss
  • League: Master
  • Spawn Location: 5:00

HuShang - Winner!

  • Race: Zerg Zerg
  • League: Master
  • Spawn Location: 7:00

VOD

Have the link to the VOD?

Description

Time

  • Played on: Sept. 22, 2020, 11:23 p.m.
  • Length: 10:10
Show
View Real Time Build Order
Export as new Build Order

CapsLock Protoss 

Build Orders: 1 Gate Expand, Oracle Opening, Phoenix Opening, Mass Phoenix 

Get SALT Encoding   

  12  0:00  Probe  
  13  0:12  Probe  
  14  0:19  Pylon  
  14  0:24  Probe  
  15  0:37  Probe (Chrono Boost)  
  15  0:39  Gateway  
  16  0:48  Assimilator  
  16  0:49  Probe (Chrono Boost)  
  17  0:54  Probe (Chrono Boost)  
  18  1:04  Probe  
  19  1:16  Probe  
  20  1:26  Nexus  
  20  1:36  Cybernetics Core  
  20  1:41  Assimilator  
  20  1:43  Probe (Chrono Boost)  
  21  1:53  Probe (Chrono Boost)  
  22  1:54  Pylon  
  22  1:58  Probe (Chrono Boost)  
  23  2:09  Adept (Chrono Boost)  
  23  2:12  Probe  
  26  2:22  Stargate  
  26  2:24  Probe  
  27  2:32  Adept  
  27  2:35  Warp Gate (Chrono Boost)  
  30  2:38  Probe (Chrono Boost)  
  30  2:41  Probe (Chrono Boost)  
  31  2:47  Probe (Chrono Boost)  
  31  2:50  Probe (Chrono Boost)  
  33  2:52  Probe (Chrono Boost)  
  34  3:00  Probe  
  34  3:04  Probe  
  36  3:07  Phoenix  
  36  3:11  Assimilator  
  39  3:14  Gateway  
  39  3:15  Probe (Chrono Boost)  
  39  3:17  Probe (Chrono Boost)  
  42  3:27  Probe (Chrono Boost)  
  42  3:29  Probe (Chrono Boost)  
  42  3:32  Probe (Chrono Boost), Oracle (Chrono Boost)  
  46  3:36  Pylon  
  46  3:40  Assimilator  
  46  3:47  Probe  
  46  3:48  Probe  
  46  3:51  Pylon  
  46  3:56  Stargate  
  46  4:00  Probe  
  47  4:03  Probe  
  47  4:06  Phoenix (Chrono Boost)  
  50  4:12  Probe  
  50  4:15  Pylon, Probe  
  52  4:24  Protoss Air Weapons Level 1 (Chrono Boost), Probe  
  53  4:27  Probe  
  54  4:35  Stalker  
  54  4:41  Phoenix, Shield Battery  
  54  4:42  Phoenix  
  54  4:45  Probe x2  
  60  4:47  Pylon  
  60  4:48  Pylon  
  60  5:03  Adept x2  
  60  5:06  Phoenix  
  66  5:07  Phoenix  
  68  5:19  Nexus  
  68  5:22  Pylon  
  68  5:24  Probe x2  
  70  5:34  Phoenix (Chrono Boost)  
  70  5:35  Phoenix (Chrono Boost)  
  72  5:36  Probe x2  
  76  5:48  Probe  
  76  5:49  Probe  
  78  5:50  Phoenix (Chrono Boost)  
  78  5:51  Phoenix  
  82  6:00  Probe  
  82  6:01  Probe  
  82  6:02  Robotics Facility  
  84  6:04  Robotics Facility  
  84  6:12  Forge, Twilight Council  
  84  6:15  Probe  
  84  6:16  Probe  
  86  6:20  Shield Battery  
  86  6:23  Phoenix  
  88  6:32  Adept x2  
  87  6:41  Probe x2  
  87  6:46  Probe  
  83  6:49  Immortal  
  83  6:53  Probe  
  85  6:56  Phoenix  
  85  6:58  Stalker x2  
  90  7:06  Probe x2  
  90  7:08  Protoss Ground Weapons Level 1  
  92  7:10  Charge (Chrono Boost)  
  92  7:13  Immortal  
  96  7:23  Pylon, Probe x2  
  96  7:29  Probe  
  99  7:35  Pylon  
  99  7:36  Templar Archives, Pylon, Probe  
  100  7:37  Probe  
  100  7:42  Observer  
  102  7:46  Probe  
  102  7:48  Probe  
  102  7:49  Probe  
  102  7:50  Zealot  
  107  7:55  Assimilator  
  107  7:56  Pylon, Assimilator  
  107  7:58  Probe  
  107  8:00  Probe  
  107  8:03  Immortal (Chrono Boost)  
  113  8:11  Zealot x2  
  121  8:14  Immortal (Chrono Boost)  
  121  8:16  Probe x2  
  114  8:44  Pylon  
  114  8:46  Pylon  
  114  8:48  Pylon  
  104  8:51  Pylon  
  104  8:55  Shield Battery x2  
  102  8:58  Robotics Bay  
  102  8:59  Pylon  
  110  9:03  Immortal x2  
  110  9:23  High Templar  
  112  9:24  High Templar  
  112  9:25  Nexus  
  102  9:52  Archon  
  102  9:58  Zealot x2  
Show
View Real Time Build Order
Export as new Build Order

HuShang Zerg - Winner!

Build Orders: Hatch First 

Get SALT Encoding   

  12  0:01  Drone  
  13  0:12  Overlord  
  13  0:17  Drone  
  14  0:31  Drone  
  14  0:32  Drone  
  16  0:50  Hatchery  
  16  0:53  Drone  
  16  0:56  Drone  
  17  0:59  Drone  
  18  1:10  Extractor  
  17  1:14  Spawning Pool  
  17  1:18  Drone  
  17  1:21  Drone  
  18  1:28  Drone  
  19  1:39  Drone  
  20  1:55  Drone  
  20  1:59  Hatchery  
  21  2:01  Drone  
  21  2:03  Drone  
  21  2:07  Queen  
  24  2:15  Drone  
  24  2:16  Drone  
  26  2:24  Overlord  
  26  2:26  Drone  
  26  2:27  Metabolic Boost  
  28  2:37  Drone  
  28  2:46  Drone x2  
  28  2:48  Queen  
  28  2:49  Queen  
  28  2:51  Zergling x2  
  35  2:54  Zergling x2  
  36  3:03  Overlord  
  36  3:12  Drone x3  
  39  3:19  Drone x2  
  41  3:28  Spore Crawler  
  41  3:30  Spore Crawler  
  41  3:31  Zergling x4  
  41  3:33  Queen  
  43  3:40  Drone x4  
  45  3:50  Drone, Spore Crawler  
  45  3:52  Drone x2  
  47  3:55  Overlord  
  47  3:57  Overlord x2  
  47  3:58  Drone x2  
  49  4:06  Overlord  
  49  4:16  Drone x4  
  49  4:17  Drone x2  
  55  4:19  Drone  
  55  4:22  Lair, Roach Warren  
  55  4:28  Drone x2  
  53  4:40  Drone x10  
  53  4:43  Extractor  
  53  4:44  Drone, Extractor  
  53  4:45  Drone  
  63  4:53  Overlord x2  
  63  4:59  Overlord  
  63  5:06  Overlord x3  
  63  5:11  Queen x2  
  67  5:21  Extractor  
  66  5:27  Roach x10  
  86  5:37  Extractor, Drone x2  
  87  5:46  Queen  
  87  5:47  Queen  
  91  5:57  Drone x10  
  91  6:02  Hydralisk Den, Hatchery  
  91  6:03  Evolution Chamber  
  93  6:12  Drone x6  
  93  6:15  Spore Crawler  
  98  6:30  Drone x2  
  98  6:31  Overlord x3  
  98  6:32  Overlord x2  
  96  6:39  Drone x4  
  96  6:41  Muscular Augments  
  96  6:42  Zerg Missile Weapons Level 1  
  96  6:44  Drone  
  91  6:48  Drone x2, Spore Crawler  
  89  6:54  Drone x5  
  91  7:06  Hydralisk x5  
  89  7:19  Hydralisk x5  
  89  7:21  Spore Crawler  
  98  7:28  Hydralisk x4  
  106  7:31  Hydralisk  
  106  7:32  Hydralisk  
  110  7:40  Hydralisk x4  
  110  7:41  Hydralisk  
  118  7:50  Queen  
  118  7:52  Grooved Spines  
  118  7:55  Hydralisk x6  
  128  8:07  Overlord x6  
  126  8:14  Overlord x4  
  124  8:33  Hydralisk x6  
  136  8:35  Overlord x5  
  134  8:54  Hydralisk x11  
  152  8:59  Overseer  
  152  9:02  Overlord x3, Extractor  
  151  9:03  Extractor  
  151  9:07  Queen  
  152  9:12  Drone x2  
  153  9:17  Zergling x10  
  153  9:18  Zergling x12  
  160  9:35  Zergling x10  
  165  9:43  Zergling x6  
  165  9:44  Zergling x16  
  176  9:47  Infestation Pit  
  176  9:48  Evolution Chamber  
  176  9:51  Baneling Nest  
Tags
 
Add a new tag
Caveats
  • Supply blocks, unpowered buildings, or Contaminate may cause inaccurate times.
  • Supply counts are checked every 10 seconds.